 Dungeon Crawl Stone Soup version 0.21.0-22-g11d5b52 (webtiles) character file.

47 Monsterracer the Caller (level 3, 0/21 HPs)
             Began as a Gargoyle Summoner on Jan 18, 2018.
             Slain by a worm (9 damage)
             ... on level 2 of the Dungeon.
             The game lasted 00:01:42 (2230 turns).

Monsterracer the Caller (Gargoyle Summoner)         Turns: 2230, Time: 00:01:43

Health: 0/21       AC:  6    Str: 12    XL:     3   Next: 70%
Magic:  6/6        EV: 12    Int: 15    God:
Gold:   6          SH:  0    Dex: 10    Spells: 0/6 levels left

rFire    . . .     SeeInvis .   i - +0 whip
rCold    . . .     Gourm    .   (no shield)
rNeg     + . .     Faith    .   a - +0 robe
rPois    ∞         Spirit   .   (no helmet)
rElec    +         Reflect  .   (no cloak)
rCorr    .         Harm     .   (no gloves)
MR       .....                  g - +0 pair of boots
Stlth    ++........             (no amulet)
HPRegen  0.07/turn              (no ring)
MPRegen  0.10/turn              (no ring)

@: no status effects
A: negative energy resistance 1, electricity resistance, unbreathing,
petrification resistance, rot immunity, AC +3
a: no special abilities


You were on level 2 of the Dungeon.
You were hungry.

You visited 1 branch of the dungeon, and saw 2 of its levels.

You collected 6 gold pieces.

Inventory:

Hand Weapons
 i - a +0 whip (weapon)
Armour
 a - a +0 robe (worn)
 g - a +0 pair of boots (worn)
Scrolls
 e - a scroll of amnesia {unknown}
 f - a scroll of teleportation {unknown}
 h - 3 scrolls of identify {unknown}
Books
 b - a book of Callings

   Spells                             Type                      Level
   a - Summon Small Mammal            Summoning                    1
   b - Call Imp                       Summoning                    2
   c - Call Canine Familiar           Summoning                    3
   d - Summon Guardian Golem          Hexes/Summoning              3
   e - Summon Lightning Spire         Summoning/Air                4
   f - Summon Ice Beast               Ice/Summoning                4
Comestibles
 c - a ration


   Skills:
 + Level 1.8 Fighting
 * Level 2.4 Maces & Flails
 - Level 1.5 Dodging
 - Level 2.1 Stealth
 - Level 2.0 Spellcasting
 + Level 3.6 Summonings


You couldn't memorise any spells.
You knew the following spells:

 Your Spells              Type           Power        Failure   Level  Hunger
a - Summon Small Mammal   Summ           ##..         4%          1    #......
b - Call Imp              Summ           ##......     8%          2    ###....
c - Call Canine Familiar  Summ           ##......     14%         3    ###....


Dungeon Overview and Level Annotations

Branches:
Dungeon (2/15)

Altars:


Innate Abilities, Weirdness & Mutations

You are resistant to torment.
Your stone body is resilient. (AC +3)
You are immune to poison.
You resist negative energy. (rN+)
You are resistant to electric shocks. (rElec)
You can survive without breathing.
You are immune to petrification.
You are immune to rotting.


Message History

The ball python bites you but does no damage.
The ball python constricts you.
You hit the ball python.
You kill the ball python!
You hit the hobgoblin but do no damage. The hobgoblin closely misses you.
You closely miss the hobgoblin. The hobgoblin hits you.
You take 1 damage, and have 19/20 hp.
You closely miss the hobgoblin.
The hobgoblin hits you but does no damage.
You hit the hobgoblin.
The hobgoblin is lightly wounded.
The hobgoblin hits you but does no damage.
You hit the hobgoblin.
The hobgoblin is severely wounded.
The hobgoblin closely misses you.
You barely miss the hobgoblin.
The hobgoblin is severely wounded.
The hobgoblin hits you but does no damage.
You hit the hobgoblin.
You kill the hobgoblin!
The adder barely misses you.
You closely miss the adder. The adder closely misses you.
You closely miss the adder. The adder misses you.
You hit the adder.
The adder is moderately wounded.
The adder bites you but does no damage. The adder closely misses you.
You miss the adder.
The adder is moderately wounded.
The adder misses you.
You closely miss the adder.
The adder is moderately wounded.
The adder bites you but does no damage.
You hit the adder but do no damage.
The adder is moderately wounded.
The adder bites you.
You take 1 damage, and have 19/21 hp.
You barely miss the adder.
The adder is lightly wounded.
The adder bites you but does no damage. The adder misses you.
You are feeling hungry.
You completely miss the adder.
The adder is lightly wounded.
The adder bites you.
You take 2 damage, and have 17/21 hp.
You closely miss the adder.
The adder is lightly wounded.
The adder bites you but does no damage.
You hit the adder.
The adder is moderately wounded.
The adder closely misses you.
You hit the adder.
The adder is heavily wounded.
The adder barely misses you. The adder bites you but does no damage.
You hit the adder.
The adder is severely wounded.
The adder bites you but does no damage.
You closely miss the adder.
The adder is severely wounded.
The adder misses you.
You closely miss the adder.
The adder is severely wounded.
The adder bites you. The adder closely misses you.
You take 3 damage, and have 15/21 hp.
You barely miss the adder.
The adder is severely wounded.
The adder bites you but does no damage.
You closely miss the adder.
The adder is severely wounded.
The adder bites you.
You take 2 damage, and have 13/21 hp.
You hit the adder.
The adder is severely wounded.
The adder bites you. The adder bites you but does no damage.
You take 2 damage, and have 11/21 hp.
You miss the adder.
The adder is severely wounded.
The adder bites you but does no damage.
You closely miss the adder.
The adder is severely wounded.
The adder barely misses you.
You hit the adder.
You kill the adder!
You barely miss the hobgoblin.
The hobgoblin hits you but does no damage.
You hit the hobgoblin.
You kill the hobgoblin!
The worm bites you but does no damage.
Things that are here:
a club; a hobgoblin corpse You hit the worm.
The worm is lightly wounded.
The worm bites you.
* * * LOW HITPOINT WARNING * * *
You hit the worm.
The worm is lightly wounded.
You take 2 damage, and have 9/21 hp.
You barely miss the worm.
The worm is lightly wounded.
The worm bites you!
You die...

### ..# .># ######### ..#
#.......# ..# #.......#
..## #.......#
...############# #.......#
##.............###.......#
................@w.......#
##################.......#
#.......# #<......#
#...!...# #########


You could see a worm.

Vanquished Creatures
  An adder (D:2)
  A leopard gecko (D:2)
  2 goblins (D:1)
  6 hobgoblins
  4 jackals (D:1)
  3 kobolds (D:1)
  A ball python (D:2)
  4 bats
  4 frilled lizards
  5 rats (D:1)
31 creatures vanquished.

Vanquished Creatures (collateral kills)
  A gnoll (D:1)
1 creature vanquished.

Grand Total: 32 creatures vanquished

Notes
Turn   | Place    | Note
-------+----------+-------------------------------------------
     0 | D:1      | Monsterracer the Gargoyle Summoner began the quest for the Orb.
     0 | D:1      | Reached XP level 1. HP: 10/10 MP: 3/3
    97 | D:1      | HP: 5/11 [hobgoblin/club (5)]
   102 | D:1      | HP: 3/11 [hobgoblin/club (2)]
   493 | D:1      | HP: 5/11 [hobgoblin (2)]
   498 | D:1      | HP: 2/11 [hobgoblin (1)]
   504 | D:1      | HP: 2/11 [hobgoblin (1)]
   505 | D:1      | Reached skill level 1 in Maces & Flails
   505 | D:1      | Reached XP level 2. HP: 3/16 MP: 5/5
   786 | D:1      | Learned a level 2 spell: Call Imp
   851 | D:1      | Reached skill level 1 in Fighting
  1296 | D:1      | HP: 6/16 [gnoll/whip (4)]
  1579 | D:1      | Reached XP level 3. HP: 12/20 MP: 6/6
  1599 | D:1      | HP: 10/20 [jackal (1)]
  1622 | D:1      | Learned a level 3 spell: Call Canine Familiar
  2228 | D:2      | HP: 9/21 [worm (3)]
  2230 | D:2      | Slain by a worm

Skill      XL: |  1  2 |
---------------+-------+-----
Maces & Flails | 1 2 |  2.4
Fighting       | 1 |  1.8
Dodging        | |  1.5
Stealth        | |  2.1
Spellcasting   | |  2.0
Summonings     | |  3.6

Action                   || total
-------------------------++-------
Melee: Club              ||    68
       Unarmed           ||    21
       Whip              ||    93
 Cast: Summon Small Mamm ||     1
       Call Imp          ||     3
 Stab: Sleeping          ||     3
  Eat: Chunk             ||     4
Armor: Robe              ||    92
Dodge: Dodged            ||   113

Vault maps used:
D:1:      kennysheep_arrival_forest
